 Dungeon Crawl Stone Soup version 0.30-a0-760-g5a9884bb7c (webtiles) character file.

Game seed: 2687298042608657107

11200 IdlyInterested the Bludgeoner (level 11, -8/81 HPs)
             Began as a Demonspawn Gladiator on Feb 9, 2023.
             Mangled by a polar bear simulacrum (9 damage)
             ... in an ice cave on Feb 10, 2023.
             The game lasted 00:38:14 (9180 turns).

IdlyInterested the Bludgeoner (DsGl)                Turns: 9180, Time: 00:38:15

Health: -8/81      AC:  9    Str: 28    XL:     11   Next: 46%
Magic:  15/15      EV: 13    Int: 19    God:
Gold:   25         SH:  0    Dex: 16    Spells: 16/16 levels left

rFire   . . .      SeeInvis .    j - +1 dire flail (drain)
rCold   + . .      Faith    .    (shield currently unavailable)
rNeg    + . .      Spirit   .    L - +2 robe {rC+}
rPois   +          Reflect  .    (helmet restricted)
rElec   .          Harm     +    D - +0 cloak {rPois}
rCorr   .          Rampage  .    s - +1 pair of gloves of Amorality {Harm rN+ Str+4}
Will    .....                    Y - +0 pair of boots {Fly}
Stlth   ++                       i - amulet of Pogis {Regen+ Int+4 Slay+3}
HPRegen 1.13/turn                f - +6 ring of intelligence
MPRegen 0.14/turn                S - +6 ring of strength

@: flying, studying Maces & Flails
A: horns 2, spiny 1, demonic magic 2
a: no special abilities


You were in an ice cave.
You visited 2 branches of the dungeon, and saw 12 of its levels.
You also visited: Ice Cave.

You collected 629 gold pieces.
You spent 604 gold pieces at shops.

Inventory:

Hand Weapons
 j - a +1 dire flail of draining (weapon)
 w - a +2 heavy hammer
 I - a +0 mace of draining
 J - a +0 morningstar
Missiles
 c - 2 curare-tipped darts
 d - 4 throwing nets
 e - 4 javelins
 l - 11 poisoned darts (quivered)
 y - 22 boomerangs of dispersal
 K - 3 boomerangs
Armour
 b - a +2 ring mail of positive energy
 k - the +1 robe of Meirphi {rElec Str+3 Int+2}
   (You bought it in a shop on level 9 of the Dungeon)

   Str:       It affects your strength (+3).
   Int:       It affects your intelligence (+2).
   rElec:     It insulates you from electricity.
 s - the +1 pair of gloves of Amorality (worn) {Harm rN+ Str+4}
   (You found it on level 3 of the Dungeon)

   Str:       It affects your strength (+4).
   rN:        It protects you from negative energy.
   Harm:      It increases damage dealt and taken.
 D - a +0 cloak of poison resistance (worn)
 L - a +2 robe of cold resistance (worn)
 P - +0 steam dragon scales
 Y - a +0 pair of boots of flying (worn)
Magical Staves
 O - a staff of conjuration
 V - a staff of fire
Jewellery
 f - a +6 ring of intelligence (left hand)
 i - the amulet of Pogis (around neck) {Regen+ Int+4 Slay+3}
   (You found it on level 3 of the Dungeon)

   [amulet of regeneration]

   Int:       It affects your intelligence (+4).
   Slay:      It affects your accuracy & damage with ranged weapons and melee
   (+3).
   Regen:     It increases your rate of health regeneration.
 q - a ring of wizardry
 v - an amulet of magic regeneration
 S - a +6 ring of strength (right hand)
Wands
 a - a wand of polymorph (9)
 u - a wand of flame (6)
 B - a wand of mindburst (9)
 C - a wand of acid (18)
 F - a wand of charming (18)
Scrolls
 o - a scroll of immolation
 z - 4 scrolls of teleportation
 A - 2 scrolls of fear
 H - 2 scrolls of enchant weapon
 M - a scroll of amnesia
 Q - 2 scrolls of fog
 T - 5 scrolls of identify
 W - 2 scrolls of vulnerability
 X - a scroll of blinking
Potions
 g - 2 potions of berserk rage
 h - 8 potions of ambrosia
 m - 2 potions of lignification
 n - 2 potions of might
 p - 5 potions of curing
 r - a potion of resistance
 t - 2 potions of attraction
 x - 4 potions of magic
 E - a potion of haste
 G - 2 potions of flight
 U - 5 potions of heal wounds


   Skills:
 - Level 6.0 Fighting
 * Level 15.0 Maces & Flails
 - Level 1.7 Throwing
 - Level 6.0 Armour
 - Level 2.6 Dodging
 - Level 1.0 Stealth
 + Level 3.3 Spellcasting
 - Level 2.0 Evocations


You had 16 spell levels left.
You didn't know any spells.
Your spell library contained the following spells:

 Spells                   Type           Power      Damage    Failure   Level
 Sandblast                Erth           6%         2d5       16%         1
 Shock                    Conj/Air       12%        1d3       16%         1
 Cigotuvi's Dreadful Rot  Necr/Pois/Air  6%         N/A       22%         2
 Passwall                 Tmut/Erth      2%         N/A       22%         2
 Poisonous Vapours        Pois/Air       6%         N/A       22%         2
 Kindle Blastsparks       Fire/Tloc/Air  6%         2d10      41%         3
 Mephitic Cloud           Conj/Pois/Air  3%         N/A       41%         3
 Stone Arrow              Conj/Erth      6%         3d7       41%         3
 Swiftness                Air            3%         N/A       41%         3
 Airstrike                Air            1%         2d(1-17)  83%         4
 Fulminant Prism          Conj/Hex       1%         3d5       83%         4
 Iskenderun's Mystic Bla  Conj/Tloc      3%         2d3       83%         4
 Lee's Rapid Deconstruct  Erth           1%         3d4*      99%         5


Dungeon Overview and Level Annotations

Branches:
Dungeon (11/15)            Temple (1/1) D:5            Lair (0/5) D:10
  IceCv (1/1)
    Orc: D:9-12

Altars:
Ashenzari
Cheibriados
Dithmenos
Fedhas
Gozag
Hepliaklqana
Kikubaaqudgha
Makhleb
Nemelex Xobeh
Okawaru
Qazlal
Ru
Sif Muna
Trog
Uskayaw
Vehumet
Wu Jian
Xom
Yredelemnul

Shops:
D:6 (   D:8 *   D:9 [(   D:11 *

Annotations:
IceCv exclusion: 2 ice statues


Innate Abilities, Weirdness & Mutations

You have a pair of horns on your head.
You are partially covered in sharp spines.
Spells you cast may paralyse nearby enemies.


Message History

The cane toad simulacrum is struck by your spines.
The cane toad simulacrum closely misses you.
Marking area around 2 ice statues as unsafe for travelling.
The ice statue gestures. x2
The ice statue gestures at you. The freezing blast engulfs you! You resist.
The cane toad simulacrum attacks as you move away!
The cane toad simulacrum hits you! The cane toad simulacrum freezes you!
You resist.
You are engulfed in freezing vapours.
You resist. The ice statue gestures at you. The freezing blast misses you.
The ice devil closely misses you.
The ice beast hits you but does no damage.
You hit the ice statue but do no damage.
You headbutt the ice statue, but do no damage.
You are engulfed in freezing vapours.
You resist.
You barely miss the ice statue. You headbutt the ice statue!
The ice statue is lightly damaged.
You are engulfed in freezing vapours.
You resist. The ice devil barely misses you. The cane toad simulacrum hits you!
* * * LOW HITPOINT WARNING * * *
The cane toad simulacrum freezes you. You resist.
* * * LOW HITPOINT WARNING * * *
The polar bear simulacrum bites you but does no damage.
The polar bear simulacrum barely misses you. x2
The ice beast closely misses you.
You hit the ice statue but do no damage.
You headbutt the ice statue, but do no damage.
The ice statue is lightly damaged.
The ice statue gestures.
The ice devil is struck by your spines. The ice devil hits you.
* * * LOW HITPOINT WARNING * * *
The ice devil freezes you. You resist.
* * * LOW HITPOINT WARNING * * *
The cane toad simulacrum hits you but does no damage.
You puncture the ice statue!
The ice statue is heavily damaged.
The ice beast barely misses you. The polar bear simulacrum bites you.
* * * LOW HITPOINT WARNING * * *
The polar bear simulacrum freezes you! You resist.
You die...

##### .....##
.......## .....○○☼##
.....☼°Y8# ####
.....Z°@## ##..##
....☼°4ZZ######....##
......°Y°..##.......#
..⌠....°........∩∩..#
....................#
.........##..##....##
........########..##
........8 ####
........#


You could see 2 ice statues, an ice devil, 2 ice beasts, a death yak simulacrum,
a cane toad simulacrum and a polar bear simulacrum.

Vanquished Creatures
  Erolcha (D:9)
  3 two-headed ogres
  The ghost of themarg the Destroyer, a novice DrCj of Vehumet (D:9)
  Pikel (D:9)
  A cyclops (D:11)
  Maurice (D:9)
  An unseen horror zombie (D:9)
  A kobold demonologist (D:10)
  A queen bee (D:10)
  3 trolls
  A shadow (D:10)
  3 yaks (D:8)
  3 wyverns
  4 steam dragons
  Menkaure (D:7)
  2 acid dragons
  Edmund (D:4)
  2 water moccasins
  2 ice beasts (D:5)
  A black bear (D:4)
  2 centaurs (D:9)
  4 kobold brigands
  3 bullfrogs
  2 necrophages
  3 gnoll sergeants
  3 scorpions (D:6)
  24 killer bees (D:10)
  3 howler monkeys
  A centaur zombie (D:9)
  2 hounds
  2 gnoll boudas
  Crazy Yiuf (D:2)
  2 jellies
  Jessica (D:2)
  3 iguanas
  Ijyb (D:4)
  Natasha (thrice) (D:2)
  5 orc wizards
  9 adders
  17 gnolls
  A naga simulacrum (IceCv)
  A shadow imp (D:6)
  A white imp (IceCv)
  4 worms
  2 dart slugs (D:2)
  24 orcs
  6 ball pythons
  6 endoplasms
  3 giant cockroaches
  A goblin (D:1)
  7 hobgoblins
  2 jackals (D:1)
  5 quokkas
  4 bats
  4 frilled lizards
  17 kobolds
  6 rats
219 creatures vanquished.

Vanquished Creatures (collateral kills)
  A steam dragon (D:7)
1 creature vanquished.

Vanquished Creatures (others)
  2 plants (D:7)
2 creatures vanquished.

Grand Total: 222 creatures vanquished

Notes
Turn   | Place    | Note
-------+----------+-------------------------------------------
     0 | D:1      | IdlyInterested the Demonspawn Gladiator began the quest for
                  | the Orb.
     0 | D:1      | Reached XP level 1. HP: 16/16 MP: 1/1
   296 | D:1      | Reached skill level 3 in Maces & Flails
   417 | D:1      | Gained mutation: Spells you cast may paralyse adjacent
                  | enemies. [demonic ancestry]
   417 | D:1      | Reached XP level 2. HP: 20/22 MP: 2/2
   641 | D:1      | Found a faded altar of an unknown god.
   661 | D:1      | Reached skill level 1 in Armour
   828 | D:2      | Reached XP level 3. HP: 16/27 MP: 3/3
  1016 | D:2      | Noticed Jessica
  1021 | D:2      | Killed Jessica
  1022 | D:2      | Reached skill level 4 in Maces & Flails
  1022 | D:2      | Reached skill level 1 in Stealth
  1079 | D:2      | Noticed Natasha
  1086 | D:2      | Killed Natasha
  1087 | D:2      | Reached XP level 4. HP: 24/33 MP: 4/4
  1266 | D:2      | Found a runed translucent door.
  1267 | D:2      | Noticed Crazy Yiuf
  1461 | D:2      | Noticed Natasha
  1467 | D:2      | Killed Natasha
  1468 | D:2      | Reached skill level 1 in Spellcasting
  1681 | D:2      | Noticed Natasha
  1697 | D:2      | Killed Natasha
  1698 | D:2      | Reached XP level 5. HP: 38/38 MP: 6/6
  1742 | D:2      | Killed Crazy Yiuf
  1859 | D:3      | Reached skill level 1 in Evocations
  1882 | D:3      | Reached skill level 5 in Maces & Flails
  2040 | D:3      | Identified the amulet of Pogis {Regen+ Int+4 Slay+3}
  2051 | D:3      | Identified the +1 pair of gloves of Amorality {Harm rN+
                  | Str+4}
  2320 | D:3      | Found an ornate altar of the Wu Jian Council.
  2384 | D:3      | Found a hazy altar of Hepliaklqana.
  2804 | D:4      | Noticed Ijyb
  2807 | D:4      | Noticed Edmund
  2814 | D:4      | Killed Edmund
  2815 | D:4      | Reached XP level 6. HP: 46/46 MP: 7/7
  2816 | D:4      | Killed Ijyb
  2985 | D:4      | Reached skill level 6 in Maces & Flails
  3487 | D:5      | Entered Level 5 of the Dungeon
  3612 | D:5      | Gained mutation: You are partially covered in sharp spines.
                  | [demonic ancestry]
  3612 | D:5      | Reached XP level 7. HP: 52/52 MP: 8/8
  3615 | D:5      | Found a bloodstained altar of Trog.
  3902 | D:5      | Reached skill level 7 in Maces & Flails
  3932 | D:5      | Found a stormy altar of Qazlal.
  3934 | D:5      | Found a staircase to the Ecumenical Temple.
  3979 | Temple   | Entered the Ecumenical Temple
  4055 | D:5      | Found a broken altar of Ashenzari.
  4337 | D:6      | Reached XP level 8. HP: 58/58 MP: 10/10
  4346 | D:6      | Noticed a two-headed ogre
  4353 | D:6      | Killed a two-headed ogre
  4354 | D:6      | Reached skill level 9 in Maces & Flails
  4423 | D:6      | Found Wiovegeliss's Weapon Boutique.
  4551 | D:6      | Upgraded the game from 0.30-a0-757-ga6a79fd877 to
                  | 0.30-a0-760-g5a9884bb7c
  4665 | D:6      | Gained mutation: Spells you cast may paralyse nearby
                  | enemies. [demonic ancestry]
  4665 | D:6      | Reached XP level 9. HP: 61/63 MP: 12/12
  5186 | D:7      | Reached skill level 10 in Maces & Flails
  5190 | D:7      | You fall into a shaft and drop 1 floor!
  5380 | D:7      | Noticed Menkaure
  5386 | D:7      | Killed Menkaure
  5673 | D:7      | Identified the +11 war axe "Jyufia" {venom, +Blink}
  5829 | D:7      | Found a sacrificial altar of Ru.
  6036 | D:7      | Noticed a two-headed ogre
  6045 | D:7      | Killed a two-headed ogre
  6046 | D:7      | Reached skill level 5 in Fighting
  6046 | D:7      | Reached skill level 11 in Maces & Flails
  6302 | D:8      | Found Gozag's Platinum Reserve.
  6302 | D:8      | Found an opulent altar of Gozag.
  6503 | D:8      | Gained mutation: You have a pair of small horns on your
                  | head. [demonic ancestry]
  6503 | D:8      | Reached XP level 10. HP: 73/76 MP: 13/13
  7135 | D:9      | Found Unoetili's Antique Weapon Boutique.
  7165 | D:9      | Found Nobiliuh's Magic Scroll Shoppe.
  7225 | D:9      | Reached skill level 12 in Maces & Flails
  7242 | D:9      | Found Weix's Antique Armour Emporium.
  7272 | D:9      | Noticed Pikel
  7279 | D:9      | Killed Pikel
  7452 | D:9      | Found an ancient bone altar of Kikubaaqudgha.
  7514 | D:9      | Noticed Erolcha
  7517 | D:9      | Killed Erolcha
  7665 | D:9      | Found a runed translucent gate.
  7665 | D:9      | Found a runed translucent gate.
  7665 | D:9      | Found a runed translucent gate.
  7665 | D:9      | Noticed themarg's ghost (novice DrCj)
  7667 | D:9      | Found a basalt altar of Yredelemnul.
  7667 | D:9      | Noticed Maurice
  7670 | D:9      | Killed Maurice
  7671 | D:9      | Reached skill level 13 in Maces & Flails
  7671 | D:9      | Reached skill level 5 in Armour
  7821 | D:9      | Killed themarg's ghost
  7871 | D:9      | Bought a pair of glowing boots for 127 gold pieces
  7871 | D:9      | Bought a pair of embroidered boots for 127 gold pieces
  7871 | D:9      | Bought a runed cloak for 127 gold pieces
  7871 | D:9      | Bought an embroidered cloak for 127 gold pieces
  7943 | D:10     | Entered Level 10 of the Dungeon
  7954 | D:10     | Noticed an orange demon
  7957 | D:10     | Noticed a sixfirhy
  7959 | D:10     | Gained mutation: You have a pair of horns on your head.
                  | [demonic ancestry]
  7959 | D:10     | Reached XP level 11. HP: 46/81 MP: 14/14
  8191 | D:10     | Identified a scroll of acquirement
  8191 | D:10     | Acquired a manual of Maces & Flails
  8260 | D:10     | Reached skill level 14 in Maces & Flails
  8451 | D:10     | Found a staircase to the Lair.
  8862 | D:9      | Bought a wizard robe for 96 gold pieces
  8862 | D:9      | Identified the +1 robe of Meirphi {rElec Str+3 Int+2} (You
                  | bought it in a shop on level 9 of the Dungeon)
  9060 | D:11     | Noticed a two-headed ogre
  9068 | D:11     | Killed a two-headed ogre
  9069 | D:11     | Reached skill level 15 in Maces & Flails
  9071 | D:11     | Found Jauc's General Store.
  9136 | D:11     | Found a frozen archway.
  9145 | IceCv    | Entered an ice cave
  9180 | IceCv    | HP: 1/81 [polar bear simulacrum (7)]
  9180 | IceCv    | Mangled by a polar bear simulacrum

Illustrated notes

Levels and vault maps discovered:
D:1:      saegor_arrival_simple_a, layout_loops_ring,
          ebering_ecumenical_altar_hall, minmay_fountain_box,
          minmay_misc_feat_plants, solitary_fountain, grunt_decor_junction
D:2:      layout_basic, uniq_jessica, uniq_crazy_yiuf_cottage, uniq_natasha
D:3:      layout_rooms, nicolae_wu_jian_glorious_leap,
          mainiacjoe_overflow_alcove_2
D:4:      layout_basic, uniq_ijyb, uniq_edmund
D:5:      layout_cave_pools, lemuel_tele_altar,
          mainiacjoe_overflow_concentric_impassable, nicolae_ashenzari_skybound,
          minmay_temple_entry_crystal_x, nicolae_titane
D:6:      layout_loops_ring, kennysheep_small_circle
D:7:      layout_basic, nicolae_ru_the_path_less_chosen,
          chequers_serial_rivers_micro_e, kennysheep_generic_room_11,
          uniq_menkaure
D:8:      layout_rooms, nicolae_gozag_zags_fifth_avenue
D:9:      layout_basic, nicolae_yredelemnul_ghost_church,
          mainiacjoe_overflow_surrounded_room, serial_shops,
          kennysheep_mini_moat, nicolae_shop_stone, shop,
          grunt_decor_mini_mirrors, uniq_erolcha, uniq_maurice, uniq_pikel
D:10:     layout_basic, lair_entry_dummy, special_room [special_room_bee],
          minmay_unpleasant_kobolds
D:11:     layout_loops_ring, serial_shops, nicolae_shop_statue_plus,
          portal_ice_cave_entry_pillars_1, dk_noncrumbling_2,
          nicolae_tso_carved_into_rock
Temple:   cyrus_circular_temple
IceCv:    ice_cave_tombish

Skill      XL: |  1  2  3  4  5  6  7  8  9 10 11 |
---------------+----------------------------------+-----
Maces & Flails | 3 4 5 6 7 9 11 13 15 | 15.0
Armour         | 1 3 5 6 |  6.0
Stealth        | 1 |  1.0
Spellcasting   | 1 2 3 |  3.3
Evocations     | 1 2 |  2.0
Fighting       | 3 5 6 |  6.0
Throwing       | |  1.7
Dodging        | |  2.6

Action                     |  1- 3 |  4- 6 |  7- 9 | 10-12 || total
---------------------------+-------+-------+-------+-------++-------
  Melee: Flail             |    77 |    99 |       |       ||   176
         Punch             |     1 |     1 |       |       ||     2
         Dire flail        |       |    28 |   146 |   174 ||   348
         Headbutt          |       |       |       |    52 ||    52
  Throw: Dart              |       |     5 |     9 |     7 ||    21
         Stone             |       |    24 |    32 |     7 ||    63
         Throwing net      |       |     4 |       |       ||     4
    Use: Scroll            |     4 |     7 |     9 |     1 ||    21
         Potion            |       |     3 |       |     1 ||     4
   Stab: Sleeping          |     1 |       |       |       ||     1
 Armour: Leather armour    |    13 |       |       |       ||    13
         Chain mail        |    22 |    65 |       |       ||    87
         Ring mail         |       |    15 |    54 |    56 ||   125
         Robe              |       |       |       |     3 ||     3
  Dodge: Dodged            |    45 |    69 |    53 |    71 ||   238

Table legend: (Time is in decaauts)
 A = Elapsed time spent in this place.
 B = Non-inter-level travel time spent in this place.
 C = Inter-level travel time spent in this place.
 D = Time resting spent in this place.
 E = Time spent auto-exploring this place.
 F = Levels seen in this place.
 G = Mean time per level.
                   A        B        C        D        E       F      G
               +--------+--------+--------+--------+--------+-----+--------+
         Total |   9145 |   7812 |   1333 |    595 |   4755 |  13 |  703.5 |
       Dungeon |   9061 |   7728 |   1333 |    595 |   4721 |  11 |  823.7 |
        Temple |     51 |     51 |      0 |      0 |     34 |   1 |   51.0 |
      Ice Cave |     32 |     32 |      0 |      0 |      0 |   1 |   32.0 |
               +--------+--------+--------+--------+--------+-----+--------+

Top non-repeatable levels by time:
     D:2: 1159 daAuts
     D:7: 1100 daAuts
     D:4: 956 daAuts
     D:9: 949 daAuts
     D:8: 867 daAuts
     D:3: 826 daAuts
     D:1: 774 daAuts
    D:10: 762 daAuts
     D:6: 759 daAuts
     D:5: 694 daAuts
    D:11: 210 daAuts
  Temple: 51 daAuts
   IceCv: 32 daAuts
